 Dungeon Crawl Stone Soup version 0.18-a0-102-gb1241f3 (webtiles) character file.

313 Proton the Shield-Bearer (level 6, 0/56 HPs)
             Began as a Deep Dwarf Fighter on Nov 15, 2015.
             Killed by divine providence
             ... invoked by an orc priest
              (11 damage)
             ... on level 4 of the Dungeon.
             The game lasted 00:06:53 (2228 turns).

Proton the Shield-Bearer (Deep Dwarf Fighter)       Turns: 2228, Time: 00:06:53

Health: 0/56       AC: 12    Str: 21    XL:     6   Next: 19%
Magic:  6/6        EV:  8    Int:  9    God:
Gold:   242        SH: 10    Dex: 12    Spells: 0 memorised, 5 levels left

rFire  . . .     SeeInvis .     a - +0 war axe
rCold  . . .     Clarity  .     b - +0 scale mail
rNeg   . . .     SustAt   .     c - +0 shield
rPois  +         Gourm    .     (no helmet)
rElec  .         Spirit   .     (no cloak)
rCorr  .         Warding  .     t - +2 pair of gloves
rMut   .         Stasis   .     E - +1 pair of boots
MR     .....                    (no amulet)
Stlth  ..........               (no ring)
                                y - ring of poison resistance

@: non-regenerating, not resistant to hostile enchantments, extremely unstealthy
A: damage resistance, recharge devices, sense surroundings 1, slow regeneration
3, evolution 1
a: Device Recharging


You were on level 4 of the Dungeon.
You were not hungry.

You visited 1 branch of the dungeon, and saw 4 of its levels.

You collected 242 gold pieces.

Inventory:

Hand Weapons
 a - a +0 war axe (weapon)
Armour
 b - a +0 scale mail (worn)
 c - a +0 shield (worn)
 t - a +2 pair of gloves (worn)
 E - a +1 pair of boots (worn)
Jewellery
 s - a cursed -3 ring of intelligence {unknown}
 y - a ring of poison resistance (left hand)
Wands
 e - a wand of heal wounds (3)
Scrolls
 h - a scroll of teleportation
 i - 2 scrolls of magic mapping
 n - a scroll of identify
 p - 2 scrolls of enchant armour
 u - a scroll of enchant weapon {unknown}
 v - a scroll of recharging
 w - a scroll of immolation {unknown}
Potions
 d - a potion of might
 g - a potion of heal wounds {unknown}
 j - 2 potions of lignification {unknown}
 k - a potion of invisibility {unknown}
 l - 3 potions of curing {unknown}
 m - a potion of degeneration {unknown}
 q - a potion of ambrosia {unknown}
 r - 2 potions of haste {unknown}
 x - a potion of cure mutation {unknown}
 z - a potion of brilliance {unknown}
 A - a potion of resistance {unknown}
Comestibles
 f - 3 bread rations
 o - 2 meat rations


   Skills:
 + Level 3.5 Fighting
 * Level 4.4 Axes
 + Level 4.1 Armour
 + Level 2.5 Dodging
 + Level 4.5 Shields


You had 5 spell levels left.
You didn't know any spells.

Dungeon Overview and Level Annotations

Branches:
Dungeon (4/15)
 Temple: D:4-7

Altars:
Trog
The Shining One


Innate Abilities, Weirdness & Mutations

You are resistant to damage.
You can recharge devices by infusing magical energy.
You passively map a small area around you.
You do not regenerate naturally.
You evolve.


Message History

You kill the orc!
You slash the orc!
You kill the orc!
The orc priest calls down the wrath of Beogh upon you.
Something smites you!
The orc priest mumbles some strange prayers to Beogh against you.
Something smites you!
* * * LOW HITPOINT WARNING * * *
The gnoll hits you but does no damage.
Items here: ( ))) [[[ †† Your shield and scale mail prevent you from hitting the gnoll.
You block the gnoll's attack.
You hit the gnoll.
The gnoll is severely wounded.
The gnoll hits you but does no damage.
You hit the gnoll.
You kill the gnoll!
The orc priest calls down the wrath of Beogh upon you.
Something smites you!
You die...

* * #......# ,
##......### ,
....!.#.. * * #......#
######......#.. ,
......).)...#.. *
#(o.# #.# ** ,* ##)##
#.# #@# #.# .# < * #)#
#.# *.# *
#.####.####.######.# ,
#.................# *
##.....[...##.###.####
#.###########.###.....
#.,* * #<....#* #. , *
, * #..#..## # * * ,
.....#...#


You could see an orc priest.

Vanquished Creatures
  An orc warrior (D:4)
  A gnoll shaman (D:4)
  A worker ant (D:4)
  5 gnolls (D:4)
  3 adders
  An ooze (D:1)
  5 worms
  4 giant geckos
  7 orcs
  10 bats
  A giant cockroach (D:2)
  7 hobgoblins
  8 jackals
  A quokka (D:3)
  A ball python (D:1)
  4 giant newts (D:1)
  4 goblins
  4 kobolds
  6 rats
74 creatures vanquished.

Notes
Turn   | Place    | Note
--------------------------------------------------------------
     0 | D:1      | Proton the Deep Dwarf Fighter began the quest for the Orb.
     0 | D:1      | Reached XP level 1. HP: 20/20 MP: 1/1
    74 | D:1      | Reached XP level 2. HP: 25/27 MP: 2/2
   153 | D:1      | Reached skill level 1 in Dodging
   467 | D:1      | Reached XP level 3. HP: 23/33 MP: 3/3
   657 | D:2      | Found a glowing golden altar of the Shining One.
  1306 | D:3      | Reached XP level 4. HP: 8/40 MP: 4/4
  1646 | D:3      | Gained mutation: You evolve. [potion of beneficial mutation]
  1711 | D:3      | Reached skill level 4 in Shields
  1991 | D:3      | Found a bloodstained altar of Trog.
  2169 | D:4      | Noticed an orc warrior
  2176 | D:4      | Reached XP level 5. HP: 40/49 MP: 5/5
  2220 | D:4      | Killed an orc warrior
  2220 | D:4      | Reached XP level 6. HP: 33/56 MP: 6/6
  2228 | D:4      | Killed from afar by an orc priest

Vault maps used:
D:1:      saegor_arrival_miasma
D:2:      tso_altar
D:3:      lightli_temple_of_fire, first_bread

Action                   |  1- 3 |  4- 6 || total
-------------------------+-------+-------++-------
Melee: War axe           |   163 |   145 ||   308
Evoke: Wand              |       |     6 ||     6
  Use: Scroll            |       |     8 ||     8
       Potion            |       |     1 ||     1
  Eat: Meat ration       |     1 |       ||     1
